 Dungeon Crawl Stone Soup version 0.27-a0-1191-g601b473118 (webtiles) character file.

Game seed: 16719323509884427237

336618 Zonian the Warrior (level 20, -21/210 HPs)
             Began as a Troll Hedge Wizard on May 23, 2021.
             Was the Champion of Nemelex Xobeh.
             Killed from afar by a war gargoyle (43 damage)
             ... with a spray of metal splinters
             ... led by a peacekeeper
             ... on level 1 of the Vaults.
             The game lasted 04:11:03 (65312 turns).

Zonian the Warrior (Troll Hedge Wizard)            Turns: 65312, Time: 04:11:04

Health: -21/210    AC: 11    Str: 24    XL:     20   Next: 99%
Magic:  0/24       EV: 19    Int: 15    God:    Nemelex Xobeh [******]
Gold:   1312       SH: 12    Dex: 19    Spells: 16/23 levels left

rFire    . . .     SeeInvis .   v - +8 mithril axe "Arga" {speed, Will+}
rCold    . . .     Faith    .   E - +0 kite shield {reflect}
rNeg     . . .     Spirit   +   S - +4 troll leather armour
rPois    .         Reflect  +   c - +1 hat
rElec    .         Harm     .   L - scarf {repulsion}
rCorr    .         Rampage  .   (gloves unavailable)
Will     ++...                  (boots unavailable)
Stlth    ++........             G - amulet of guardian spirit
HPRegen  2.45/turn              M - +4 ring of evasion
MPRegen  0.19/turn              x - ring of Yduwi {Int+4 Dex+6}

@: about to teleport, marked, repel missiles
A: large, unfitting armour, claws 3, regeneration 1, shaggy fur 1, tough skin 1,
low mp 1
}: 2/15 runes: decaying, serpentine
a: Renounce Religion, Draw Escape, Draw Destruction, Draw Summoning, Draw Stack,
Triple Draw, Deal Four, Stack Five


You were on level 1 of the Vaults.
You worshipped Nemelex Xobeh.
Nemelex Xobeh was exalted by your worship.
You visited 7 branches of the dungeon, and saw 35 of its levels.
You visited the Abyss 4 times.

You collected 6345 gold pieces.
You spent 5033 gold pieces at shops.

Inventory:

Hand Weapons
 v - the +8 mithril axe "Arga" (weapon) {speed, Will+}
   (You bought it in a shop on level 3 of the Elven Halls)

   Attacks with this weapon are significantly faster.
   It increases your willpower.
 K - a +9 hunting sling of freezing
 U - the +8 whip "Snakebite" {curare, rPois}
   (You found it on level 3 of the Lair of Beasts)

   It poisons the flesh of those it strikes.
   It protects you from poison.
 X - the +9 staff of Olgreb {rPois∞}
   (You took it off a deep elf annihilator on level 3 of the Elven Halls)

   It may poison the flesh of those it strikes, and is more effective with a
   high Evocations skill.
   It enhances your poison magic.
   It grants immunity to poison.
   It can be evoked to poison those around you for a time.
Missiles
 k - 7 javelins
 l - 6 curare-tipped darts
 y - 148 sling bullets
 D - 2 throwing nets
 F - 3 silver boomerangs
 P - 35 boomerangs (quivered)
 Z - 3 silver javelins
Armour
 c - a +1 hat (worn)
 E - a +0 kite shield of reflection (worn)
 L - a scarf of repulsion (worn)
 S - a +4 troll leather armour (worn)
Jewellery
 a - a ring of protection from cold
 e - a ring of protection from fire
 n - a ring of see invisible
 x - the ring of Yduwi (right claw) {Int+4 Dex+6}
   (You bought it in a shop on level 2 of the Orcish Mines)

   [ring of dexterity]

   It affects your intelligence (+4).
   It affects your dexterity (+6).
 G - an amulet of guardian spirit (around neck)
 M - a +4 ring of evasion (left claw)
Wands
 m - a wand of flame (149)
 o - a wand of paralysis (39)
 u - a wand of iceblast (1)
 B - a wand of charming (7)
 C - a wand of mindburst (31)
 T - a wand of digging (8)
 Y - a wand of acid (6)
Scrolls
 f - 2 scrolls of magic mapping
 g - 32 scrolls of identify
 h - 2 scrolls of fog
 i - 3 scrolls of fear
 s - 2 scrolls of blinking
 A - 6 scrolls of teleportation
 V - a scroll of enchant weapon
Potions
 b - 5 potions of magic
 d - 3 potions of flight
 j - a potion of mutation
 p - 4 potions of cancellation
 q - 2 potions of invisibility
 t - 7 potions of haste
 J - 8 potions of curing
 O - 2 potions of might
 R - 2 potions of brilliance
 W - a potion of berserk rage
Miscellaneous
 r - a lightning rod (3/4)
 w - a tin of tremorstones (1/2)
 z - a box of beasts
 H - a phantom mirror
 N - a condenser vane


   Skills:
 + Level 15.0 Fighting
 * Level 6.1(9.4) Axes
 - Level 12.0(12.6) Maces & Flails
 - Level 11.2(11.8) Slings
 - Level 7.9(12.0) Throwing
 - Level 9.6 Dodging
 - Level 1.0 Stealth
 - Level 9.0 Shields
 - Level 13.9 Unarmed Combat
 - Level 2.2 Spellcasting
 - Level 0.6 Conjurations
 - Level 0.6 Summonings
 - Level 7.0 Translocations
 - Level 11.1 Invocations
 - Level 8.9 Evocations


You had 16 spell levels left.
You knew the following spells:

 Your Spells              Type           Power      Damage    Failure   Level
a - Magic Dart            Conj           12%        1d3       19%         1
b - Blink                 Tloc           N/A        N/A       1%          2
c - Apportation           Tloc           44%        N/A       1%          1
d - Lesser Beckoning      Tloc           11%        N/A       4%          3

Your spell library contained the following spells:

 Spells                   Type           Power      Damage    Failure   Level
 Summon Small Mammal      Summ           12%        N/A       19%         1
 Foxfire                  Conj/Fire      8%         2x1d4     22%         1
 Shock                    Conj/Air       8%         1d3       22%         1
 Animate Skeleton         Necr           2%         N/A       26%         1
 Corona                   Hex            1%         N/A       26%         1
 Pain                     Necr           4%         1d4       26%         1
 Sandblast                Erth           2%         2d4       26%         1
 Sting                    Tmut/Pois      4%         1d3       26%         1
 Call Imp                 Summ           3%         N/A       28%         2
 Corpse Rot               Necr/Air       N/A        N/A       36%         2
 Passwall                 Tmut/Erth      0%         N/A       36%         2
 Poisonous Vapours        Pois/Air       2%         N/A       36%         2
 Slow                     Hex            1%         N/A       36%         2
 Sublimation of Blood     Necr           0%         N/A       36%         2
 Conjure Flame            Conj/Fire      2%         6-21      54%         3
 Dazzling Flash           Conj/Hex       4%         N/A       54%         3
 Stone Arrow              Conj/Erth      4%         3d7       54%         3
 Mephitic Cloud           Conj/Pois/Air  2%         N/A       56%         3
 Ignite Poison            Fire/Tmut/Pois 1%         N/A       58%         3
 Inner Flame              Hex/Fire       1%         N/A       58%         3
 Tukima's Dance           Hex            1%         N/A       58%         3
 Animate Armour           Summ/Erth      4%         N/A       91%         4
 Sticky Flame             Conj/Fire      2%         2d3       91%         4
 Summon Ice Beast         Ice/Summ       2%         N/A       91%         4
 Summon Lightning Spire   Summ/Air       2%         N/A       91%         4
 Animate Dead             Necr           0%         N/A       94%         4
 Cause Fear               Hex            0%         N/A       94%         4
 Dispel Undead            Necr           1%         3d6       94%         4
 Ice Form                 Ice/Tmut       1%         N/A       94%         4
 Leda's Liquefaction      Hex/Erth       0%         N/A       94%         4
 Olgreb's Toxic Radiance  Pois           1%         N/A       94%         4
 Petrify                  Tmut/Erth      1%         N/A       94%         4
 Bolt of Magma            Conj/Fire/Erth 1%         4d4       99%         5
 Fireball                 Conj/Fire      1%         3d3       99%         5
 Irradiate                Conj/Tmut      1%         3d14      99%         5
 Iskenderun's Battlesphe  Conj           3%         2d6       99%         5
 Agony                    Necr           1%         N/A       100%        5
 Alistair's Intoxication  Tmut/Pois      0%         N/A       100%        5
 Borgnjor's Vile Clutch   Necr/Erth      0%         N/A       100%        5
 Excruciating Wounds      Necr           0%         N/A       100%        5
 Lee's Rapid Deconstruct  Erth           0%         3d5*      100%        5
 Silence                  Hex/Air        0%         N/A       100%        5
 Yara's Violent Unravell  Hex/Tmut       0%         3d3       100%        5
 Blade Hands              Tmut           0%         N/A       100%        6
 Conjure Ball Lightning   Conj/Air       1%         3x3d6     100%        6
 Death Channel            Necr           0%         N/A       100%        6
 Eringya's Noxious Bog    Tmut/Pois      0%         N/A       100%        6
 Freezing Cloud           Conj/Ice/Air   1%         6-21      100%        6
 Invisibility             Hex            1%         N/A       100%        6
 Iron Shot                Conj/Erth      1%         9d1       100%        6
 Simulacrum               Ice/Necr       0%         N/A       100%        6
 Statue Form              Tmut/Erth      0%         N/A       100%        6
 Dragon Form              Tmut           0%         N/A       100%        7
 Orb of Destruction       Conj           1%         N/A       100%        7
 Ozocubu's Refrigeration  Ice            0%         4d5       100%        7
 Spellforged Servitor     Conj/Summ      1%         N/A       100%        7
 Discord                  Hex            0%         N/A       100%        8
 Shatter                  Erth           0%         3d5*      100%        9
 Tornado                  Air            0%         N/A       100%        9


Dungeon Overview and Level Annotations

Branches:
Dungeon (15/15)            Temple (0/1) D:7            Lair (6/6) D:9
  Swamp (4/4) Lair:2        Snake (4/4) Lair:4        Slime (0/5) Lair:5
    Orc (2/2) D:9             Elf (3/3) Orc:2        Vaults (1/5) D:13
 Depths (0/5) D:15

Altars:
Cheibriados
Fedhas
Gozag
Hepliaklqana
Kikubaaqudgha
Makhleb
Nemelex Xobeh
Okawaru
Ru
Sif Muna
Trog
Uskayaw
Vehumet
Wu Jian
Xom
Beogh
Jiyva

Shops:
D:1 [   D:9 (   D:13 *   Orc:2 =[?(   Elf:1 [   Elf:3 ***   Snake:3 [
Vaults:1 !*

Portals:
Abyss: D:7

Annotations:
D:7 2 transporters, Drazool's ghost, novice FoFi
D:14 2 transporters
Snake:1 3 runed translucent doors, deadleaves's ghost, journeyman DjTm
Snake:2 3 runed translucent doors, leviel's ghost, adept HOFi
Elf:1 7 runed translucent doors, deadleaves's ghost, adept PaAK
Elf:2 3 runed translucent doors


Innate Abilities, Weirdness & Mutations

You are too large for most types of armour.
You have claws for hands.
Your natural rate of healing is unusually fast.
You are covered in fur. (AC +1)
You have tough skin. (AC +1)
Your magical capacity is low. (-10% MP)


Message History

The spray of metal splinters misses you.
The ironbound convoker begins to recite a word of recall!
The war gargoyle misses your raiju.
Your raiju bites the war gargoyle but does no damage.
Your ice beast hits the war gargoyle but does no damage.
As you read the scroll of teleportation, it crumbles to dust.
You feel strangely unstable.
The war gargoyle hits your raiju with a +1 flail of protection!
Your yaktaur wields a +0 arbalest.
Your yaktaur shoots a bolt.
The bolt hits the war gargoyle!!!
Unknown command.
You swap places.
Your ice beast barely misses the war gargoyle.
The war gargoyle hits you with a +7 flail of protection!!!
* * * LOW HITPOINT WARNING * * *
Unknown command.
You feel much better.
The phantasmal warrior is recalled.
The ironbound beastmaster is recalled.
The war gargoyle closely misses your raiju.
Your yaktaur unwields a +0 arbalest.
Your yaktaur hits the war gargoyle but does no damage.
Your naga sharpshooter unwields a +0 hand axe.
Your naga sharpshooter wields a +0 arbalest.
Your naga sharpshooter shoots a bolt.
The bolt hits the war gargoyle!!
The war gargoyle is destroyed!
The ironbound convoker casts a spell at something.
The war gargoyle launches metal splinters at you.
The spray of metal splinters hits your ice beast!!
Your ice beast dies!
The spray of metal splinters hits you!!!
* * * LOW HITPOINT WARNING * * *
Your raiju bites the war gargoyle.
Your raiju shocks the war gargoyle.
The war gargoyle resists.
The war gargoyle launches metal splinters at you.
The spray of metal splinters hits your raiju!!
Your raiju dies!
Your raiju's corpse disappears in a puff of smoke!
The spray of metal splinters hits you!!!
You die...
Your body disappears without a glow.

..#....................#.###..#..
.†).......##########W..#....###..
..#.......#........#p..#.#..#...#
..#.......#.......p)...#.##.#..##
###.......#..=.....#...#......##
# #.......#.....99.#...######## #
#.......#.....§..#...# #
#.......#....N)..#)..# #
#.......#.....@c.#u..# #
#........#...# # ##########e..# #
....# # ....# # ....# ######


You could see an ironbound beastmaster, 2 war gargoyles, a phantasmal warrior,
an ironbound convoker (catching breath), a friendly naga sharpshooter (summoned)
and a friendly yaktaur (summoned).

Vanquished Creatures
  Bai Suzhen (Swamp:3)
  A bone dragon (Abyss:3)
  A lich (Abyss:3)
  2 deep elf blademasters (Elf:3)
  2 deep elf master archers (Elf:3)
  5 tentacled starspawn
  4 thorn hunters
  Agnes (Snake:1)
  Kirke (D:13)
  Donald (Orc:2)
  A fenstrider witch (Swamp:4)
  A revenant (Abyss:3)
  5 nagarajas
  Roxanne (Swamp:3)
  3 deep elf sorcerers (Elf:3)
  2 orc warlords
  2 ironbound preservers (Vaults:1)
  4 deep elf elementalists (Elf:3)
  A caustic shrike skeleton (D:15)
  2 very ugly things
  4 deep elf demonologists
  8 deep elf annihilators
  6 bunyips
  Azrael (Orc:2)
  A lorocyproca (Abyss:3)
  3 starcursed masses (Abyss:3)
  3 eleionomae
  A blizzard demon (Abyss:3)
  4 deep elf death magi
  A green death (Abyss:3)
  2 shambling mangroves (Swamp:4)
  Fannar (Orc:1)
  A great orb of eyes (Vaults:1)
  7 boulder beetles
  3 deep elf high priests
  An ironbound thunderhulk (Vaults:1)
  3 salamander tyrants
  6 naga warriors
  Josephine (D:15)
  18 anacondas
  2 ghost crabs (Swamp:1)
  A rakshasa (Abyss:3)
  Harold (D:7)
  A quicksilver dragon skeleton (Abyss:3)
  An ogre mage (Vaults:1)
  4 catoblepae
  7 two-headed ogres
  5 centaur warriors
  22 hydras
  23 dancing weapons
  6 alligators
  4 death yaks (Lair:6)
  An ironbound beastmaster (Vaults:1)
  2 spriggan berserkers
  2 tengu warriors
  6 hell hogs
  5 orc high priests
  10 thrashing horrors
  21 naga sharpshooters
  18 deep elf knights
  5 wretched stars
  A sun demon (Abyss:3)
  2 skeletal warriors (D:15)
  A soul eater (Abyss:3)
  A fire crab (Lair:6)
  A sixfirhy (Abyss:3)
  A spatial maelstrom (Abyss:3)
  3 deep trolls (Vaults:1)
  6 goliath frogs
  2 death drakes
  5 salamander mystics
  10 spriggan druids
  A sea snake (Lair:2)
  A flayed ghost (D:15)
  15 deep elf archers
  13 naga ritualists
  14 swamp dragons
  4 bog bodies
  2 wizards
  A glowing orange brain (Vaults:1)
  2 ironbound convokers (Vaults:1)
  2 necromancers
  25 deep elf zephyrmancers
  5 lindwurms
  8 orc knights
  15 mana vipers
  15 ugly things
  2 manticores (Lair:6)
  5 orc sorcerers (Orc:2)
  14 salamanders
  3 will-o-the-wisps
  19 deep elf pyromancers
  4 cyclopes
  A worldbinder (Abyss:3)
  A rust devil (Abyss:3)
  3 guardian serpents
  2 smoke demons
  An apocalypse crab (Elf:3)
  43 black mambas
  8 elephants
  3 vault sentinels (Vaults:1)
  4 torpor snails
  An eye of devastation (Snake:3)
  25 naga magi
  12 cane toads
  An orange demon (Abyss:3)
  A freezing wraith (Abyss:2)
  14 komodo dragons
  3 efreet
  6 rime drakes
  2 kobold demonologists
  A tengu conjurer (D:13)
  A queen bee (D:15)
  A tormentor (Abyss:3)
  6 trolls
  5 ancient zymes
  3 polar bears
  A merfolk (Lair:2)
  3 meliai (D:15)
  8 tyrant leeches
  5 large abominations
  21 blink frogs
  A harpy skeleton (Abyss:3)
  7 hornets
  10 raiju
  7 slime creatures
  5 air elementals
  11 spriggans
  2 shadows
  A fire dragon skeleton (D:15)
  10 wraiths
  3 water elementals
  2 ynoxinuls
  Eustachio (D:5)
  70 yaks
  A wyvern (D:9)
  6 hogs (D:13)
  5 basilisks
  7 fire elementals
  A golden eye (D:12)
  A steam dragon (D:7)
  A neqoxec (Abyss:3)
  2 spatial vortices (Abyss:3)
  5 wargs
  49 nagas
  14 vampire mosquitoes
  15 swamp worms
  A swamp worm (shapeshifter) (D:15)
  2 tengu zombies (D:15)
  An acid dragon (D:13)
  11 water moccasins
  4 hell hounds (Orc:2)
  45 orc warriors
  9 swamp drakes
  2 ice beasts
  5 black bears
  10 ogres
  A necrophage (D:8)
  5 wolves (Lair:6)
  8 centaurs
  A swamp dragon skeleton (Abyss:3)
  A kobold brigand (D:7)
  6 bullfrogs
  A wyvern zombie (D:7)
  5 earth elementals
  8 scorpions
  A water moccasin skeleton (D:5)
  35 killer bees
  2 howler monkeys
  4 electric eels
  9 centaur zombies
  A quasit (Abyss:3)
  9 small abominations
  A jelly (D:8)
  2 bullfrog skeletons
  A centaur skeleton (D:3)
  33 orc priests
  A hound (D:7)
  An iguana (D:4)
  5 hell rats (Lair:6)
  18 orc wizards
  A killer bee zombie (D:7)
  3 howler monkey zombies
  4 gnolls
  5 adders
  A white imp (D:6)
  3 ufetubi
  An adder skeleton (D:4)
  4 worms
  5 dart slugs
  97 orcs
  4 ball pythons
  5 bats
  8 endoplasms
  3 giant cockroaches
  6 goblins
  11 hobgoblins
  4 quokkas
  2 frilled lizards (D:3)
  13 kobolds
  8 rats
  A lurking horror (Abyss:3)
  3 starspawn tentacles
1330 creatures vanquished.

Vanquished Creatures (collateral kills)
  Jorgrun (Snake:1)
  A tentacled starspawn (Abyss:3)
  A warmonger (Abyss:3)
  A deep elf sorcerer (Elf:3)
  A deep elf elementalist (Elf:3)
  A war gargoyle (Vaults:1)
  A corrupter (Abyss:3)
  A deep elf annihilator (Elf:3)
  A deep elf death mage (Elf:3)
  A deep elf high priest (Elf:3)
  A naga warrior (Snake:2)
  A hydra (Swamp:4)
  A starcursed mass (Abyss:3)
  An alligator (Swamp:4)
  A two-headed ogre (Orc:2)
  Urug (Orc:2)
  A wretched star (Abyss:3)
  A spriggan druid (Swamp:4)
  A salamander (Snake:2)
  A black mamba (Lair:5)
  A guardian serpent (Snake:2)
  An apocalypse crab (Abyss:3)
  A smoke demon (Abyss:3)
  A large abomination (Abyss:3)
  2 hornets (Swamp:4)
  A raiju (Abyss:3)
  An orc warrior (Orc:2)
  An ogre (Orc:2)
  8 orcs (Orc:2)
  A lurking horror (Abyss:3)
38 creatures vanquished.

Vanquished Creatures (others)
  A deep elf knight (Elf:1)
  3 deep elf pyromancers
  2 bloated husks (Swamp:3)
  A hornet (Swamp:4)
  A slime creature (D:15)
  A water elemental (Elf:1)
  A spriggan (Swamp:4)
  A swamp worm (Swamp:3)
  An orc warrior (Orc:1)
  A small abomination (Abyss:2)
  An orc priest (Orc:1)
  A jelly (Abyss:2)
  An orc (Orc:2)
  24 foxfires
  34 fungi
  85 plants
  18 starspawn tentacles
  3 withered plants (D:15)
180 creatures vanquished.

Grand Total: 1548 creatures vanquished

Notes
Turn   | Place    | Note
-------+----------+-------------------------------------------
     0 | D:1      | Zonian the Troll Hedge Wizard began the quest for the Orb.
     0 | D:1      | Reached XP level 1. HP: 16/16 MP: 2/2
   158 | D:1      | Reached XP level 2. HP: 24/24 MP: 4/4
   161 | D:1      | Learned a level 2 spell: Blink
   199 | D:1      | Found a faded altar of an unknown god.
   211 | D:1      | Became a worshipper of Nemelex Xobeh the Trickster
   211 | D:1      | Reached * piety under Nemelex Xobeh
   211 | D:1      | Received a gift from Nemelex Xobeh
   452 | D:1      | Received a gift from Nemelex Xobeh
   465 | D:1      | Found Xych's Antique Armour Emporium.
   473 | D:1      | Reached skill level 1 in Unarmed Combat
   644 | D:1      | Reached XP level 3. HP: 32/32 MP: 5/5
  1178 | D:2      | Reached ** piety under Nemelex Xobeh
  1693 | D:2      | Found a sacrificial altar of Ru.
  1839 | D:3      | Noticed Ijyb
  1935 | D:3      | Reached skill level 1 in Fighting
  1935 | D:3      | Reached XP level 4. HP: 36/41 MP: 6/6
  2098 | D:3      | Noticed Ijyb
  2098 | D:3      | Ijyb changed into Ijyb the ogre
  2100 | D:3      | Killed Ijyb the ogre
  2101 | D:3      | Reached XP level 5. HP: 11/48 MP: 7/7
  2763 | D:3      | Received a gift from Nemelex Xobeh
  3083 | D:4      | Found an iron altar of Okawaru.
  3092 | D:4      | Reached skill level 5 in Unarmed Combat
  3092 | D:4      | Reached XP level 6. HP: 41/57 MP: 8/8
  3463 | D:4      | Reached skill level 2 in Fighting
  3550 | D:4      | Reached XP level 7. HP: 65/65 MP: 9/9
  3779 | D:4      | Found an iron altar of Okawaru.
  3797 | D:4      | Reached skill level 1 in Invocations
  3877 | D:5      | Entered Level 5 of the Dungeon
  4204 | D:5      | Reached *** piety under Nemelex Xobeh
  4250 | D:5      | Reached XP level 8. HP: 62/74 MP: 10/10
  4313 | D:5      | Noticed Eustachio
  4345 | D:5      | Killed Eustachio
  4374 | D:5      | Identified the +1 short sword "Paubeec" {antimagic, rPois
                  | rN+ Str-4}
  4558 | D:5      | Found a hazy altar of Hepliaklqana.
  4591 | D:5      | Found a faded altar of an unknown god.
  4861 | D:6      | Found an opulent altar of Gozag.
  4869 | D:6      | Reached skill level 3 in Fighting
  4919 | D:6      | Received a gift from Nemelex Xobeh
  4935 | D:6      | Reached XP level 9. HP: 79/81 MP: 11/11
  5072 | D:6      | Reached skill level 10 in Unarmed Combat
  5681 | D:7      | Noticed Harold
  5709 | D:7      | Found a blossoming altar of Fedhas.
  6036 | D:7      | Found a radiant altar of Vehumet.
  6090 | D:7      | Found an ancient bone altar of Kikubaaqudgha.
  6155 | D:7      | Reached **** piety under Nemelex Xobeh
  6155 | D:7      | Received a gift from Nemelex Xobeh
  6482 | D:7      | Found a staircase to the Ecumenical Temple.
  6596 | D:7      | Reached skill level 4 in Fighting
  6598 | D:7      | Killed Harold
  6599 | D:7      | Reached skill level 5 in Invocations
  6599 | D:7      | Reached XP level 10. HP: 82/93 MP: 12/12
  6622 | D:7      | Noticed Drazool's ghost (novice FoFi)
  6627 | D:7      | Found a transporter.
  6628 | D:7      | Found a one-way gate to the infinite horrors of the Abyss.
  6644 | D:7      | Found a transporter.
  6892 | D:8      | Reached skill level 1 in Shields
  6892 | D:8      | Upgraded the game from 0.27-a0-1189-gb8eb6cee8e to
                  | 0.27-a0-1191-g601b473118
  7143 | D:8      | Noticed a six-headed hydra
  8262 | D:8      | HP: 4/94 [five-headed hydra (4)]
  8264 | D:8      | Killed a five-headed hydra
  8265 | D:8      | Reached skill level 1 in Evocations
  8744 | D:8      | Found a shimmering altar of Xom.
  8744 | D:8      | Found a shimmering altar of Xom.
  8744 | D:8      | Found a shimmering altar of Xom.
  8744 | D:8      | Found a shimmering altar of Xom.
  8746 | D:8      | Found a shimmering altar of Xom.
  8747 | D:8      | Found a shimmering altar of Xom.
  8749 | D:8      | Found a shimmering altar of Xom.
  8968 | D:7      | Noticed a cane toad
  8968 | D:7      | a yak changed into a cane toad
  8973 | D:7      | Killed a cane toad
  9533 | D:9      | Found a staircase to the Lair.
  9533 | D:9      | Noticed an elephant
  9558 | D:9      | Reached skill level 5 in Fighting
  9564 | D:9      | Killed an elephant
  9572 | D:9      | Reached XP level 11. HP: 26/102 MP: 14/14
  9850 | D:9      | Found a staircase to the Orcish Mines.
  9850 | D:9      | Found Failif Sasa's Weapon Shoppe.
 10500 | D:9      | Received a gift from Nemelex Xobeh
 10578 | D:9      | Found a burning altar of Makhleb.
 11040 | Lair:1   | Entered Level 1 of the Lair of Beasts
 11520 | Lair:1   | Reached ***** piety under Nemelex Xobeh
 11690 | Lair:1   | Received a gift from Nemelex Xobeh
 12333 | Lair:2   | Noticed an eight-headed hydra
 12337 | Lair:2   | Noticed a sea snake
 12337 | Lair:2   | an eight-headed hydra changed into a sea snake
 12347 | Lair:2   | Killed a sea snake
 12348 | Lair:2   | Reached skill level 6 in Fighting
 12802 | Lair:2   | Received a gift from Nemelex Xobeh
 12862 | Lair:2   | Noticed a bog body
 12865 | Lair:2   | Noticed a bog body
 12869 | Lair:2   | Killed a bog body
 12874 | Lair:2   | Killed a bog body
 12875 | Lair:2   | Reached skill level 5 in Shields
 13320 | Lair:2   | Found a staircase to the Swamp.
 14205 | Lair:3   | Noticed a four-headed hydra
 14220 | Lair:3   | Killed a three-headed hydra
 14454 | Lair:3   | Received a gift from Nemelex Xobeh
 14473 | Lair:3   | Identified a scroll of acquirement
 14473 | Lair:3   | Acquired a +6 hunting sling of freezing
 14615 | Lair:3   | Reached XP level 12. HP: 105/115 MP: 15/15
 15504 | Lair:3   | You fall into a shaft and drop 2 floors!
 15511 | Lair:5   | Reached skill level 1 in Slings
 15511 | Lair:5   | Noticed a catoblepas
 15520 | Lair:5   | Reached skill level 5 in Dodging
 15538 | Lair:5   | Received a gift from Nemelex Xobeh
 15598 | Lair:4   | Reached skill level 7 in Fighting
 15624 | Lair:4   | Received a gift from Nemelex Xobeh
 16003 | Lair:3   | Found the +8 whip "Snakebite" {curare, rPois}
 16481 | Lair:4   | Reached skill level 1 in Maces & Flails
 16866 | Lair:4   | Found a staircase to the Snake Pit.
 16962 | Lair:4   | Found a snail-covered altar of Cheibriados.
 17374 | Lair:5   | Reached XP level 13. HP: 87/127 MP: 16/16
 17643 | Lair:5   | Reached skill level 8 in Fighting
 17734 | Lair:5   | Received a gift from Nemelex Xobeh
 17876 | Lair:5   | Found a staircase to the Slime Pits.
 17878 | Lair:5   | Found a viscous altar of Jiyva.
 18568 | Lair:6   | Entered Level 6 of the Lair of Beasts
 19260 | Lair:6   | Found an ornate altar of the Wu Jian Council.
 19260 | Lair:6   | Found a hide-covered altar of Uskayaw.
 19347 | Lair:6   | Reached ****** piety under Nemelex Xobeh
 19369 | Lair:6   | Received a gift from Nemelex Xobeh
 20081 | Lair:6   | Reached skill level 5 in Maces & Flails
 20963 | Lair:6   | Reached XP level 14. HP: 136/137 MP: 17/17
 21231 | Lair:6   | Reached skill level 9 in Fighting
 21387 | Lair:6   | Received a gift from Nemelex Xobeh
 21540 | Lair:6   | Reached skill level 5 in Slings
 22030 | D:10     | Entered Level 10 of the Dungeon
 22194 | D:10     | Found a bloodstained altar of Trog.
 23204 | D:11     | Received a gift from Nemelex Xobeh
 23327 | D:11     | Received a gift from Nemelex Xobeh
 23778 | D:12     | Received a gift from Nemelex Xobeh
 23939 | D:12     | Noticed Sonja
 23940 | D:12     | Noticed Sonja
 23940 | D:12     | Sonja changed into Sonja the golden eye
 23955 | D:12     | Killed Sonja the golden eye
 24756 | D:12     | Received a gift from Nemelex Xobeh
 25455 | D:13     | Found a gate to the Vaults.
 25643 | D:13     | Found Ipaggaihy's Assorted Antiques.
 25656 | D:13     | Bought a worn glass wand for 120 gold pieces
 25656 | D:13     | Bought a black potion for 27 gold pieces
 25656 | D:13     | Bought a potion of heal wounds for 150 gold pieces
 25656 | D:13     | Bought a fabulously ornate robe for 171 gold pieces
 25656 | D:13     | Identified the +1 robe of Lust {rPois Str+7 Slay-5} (You
                  | bought it in a shop on level 13 of the Dungeon)
 25925 | D:13     | Noticed Kirke
 25973 | D:13     | Killed Kirke
 25974 | D:13     | Reached XP level 15. HP: 149/149 MP: 18/18
 26963 | D:14     | Found a transporter.
 26966 | D:14     | Found a transporter.
 27572 | D:14     | Reached skill level 10 in Fighting
 27655 | D:14     | Received a gift from Nemelex Xobeh
 28308 | D:15     | Entered Level 15 of the Dungeon
 28437 | D:15     | Reached skill level 1 in Translocations
 28899 | D:15     | Found a staircase to the Depths.
 28954 | D:15     | Received a gift from Nemelex Xobeh
 29133 | D:15     | Noticed Josephine
 29255 | D:15     | Killed Josephine
 29694 | D:15     | Received a gift from Nemelex Xobeh
 30373 | D:9      | Bought 3 silver javelins for 108 gold pieces
 30384 | Orc:1    | Entered Level 1 of the Orcish Mines
 30408 | Orc:1    | Noticed Fannar
 30672 | Orc:1    | Killed Fannar
 30858 | Orc:2    | Entered Level 2 of the Orcish Mines
 30859 | Orc:2    | Noticed Donald
 31004 | Orc:2    | Killed Donald
 31163 | Orc:2    | Noticed Urug
 31172 | Orc:2    | Killed Urug
 31301 | Orc:2    | Received a gift from Nemelex Xobeh
 31329 | Orc:2    | Noticed Azrael
 31358 | Orc:2    | Killed Azrael
 31915 | Orc:2    | Found Qemunn's Weapon Boutique.
 31986 | Orc:2    | Found Teejiwam's Magic Scroll Shop.
 32009 | Orc:2    | Bought a scroll of fog for 24 gold pieces
 32009 | Orc:2    | Bought a scroll of fear for 42 gold pieces
 32009 | Orc:2    | Bought a scroll of blinking for 90 gold pieces
 32061 | Orc:2    | Paralysed by an orc sorcerer for 3 turns
 32623 | Orc:2    | Found Utity's Antique Armour Shoppe.
 32694 | Orc:2    | Noticed an orc warlord
 32703 | Orc:2    | Killed an orc warlord
 32704 | Orc:2    | Reached XP level 16. HP: 159/159 MP: 19/19
 32967 | Orc:2    | Found Wemepp's Jewellery Emporium.
 32982 | Orc:2    | Reached skill level 5 in Evocations
 33411 | Orc:2    | Received a gift from Nemelex Xobeh
 33703 | Orc:2    | Found a staircase to the Elven Halls.
 33800 | Orc:2    | Bought a scroll of acquirement for 624 gold pieces
 33800 | Orc:2    | Acquired a manual of Slings
 33950 | Snake:1  | Entered Level 1 of the Snake Pit
 34360 | Snake:1  | Found a runed translucent gate.
 34360 | Snake:1  | Found a runed translucent gate.
 34360 | Snake:1  | Found a runed translucent gate.
 34366 | Snake:1  | Noticed deadleaves's ghost (journeyman DjTm)
 35332 | Snake:1  | Received a gift from Nemelex Xobeh
 35348 | Snake:1  | Noticed Agnes
 35359 | Snake:1  | Killed Agnes
 35361 | Snake:1  | Noticed Jorgrun
 35372 | Snake:1  | Killed Jorgrun
 36199 | Snake:2  | Received a gift from Nemelex Xobeh
 36549 | Snake:2  | Reached skill level 11 in Fighting
 36795 | Snake:2  | Received a gift from Nemelex Xobeh
 36911 | Snake:2  | Found a runed translucent gate.
 36911 | Snake:2  | Found a runed translucent gate.
 36911 | Snake:2  | Found a runed translucent gate.
 36917 | Snake:2  | Noticed leviel's ghost (adept HOFi)
 37467 | Snake:2  | Received a gift from Nemelex Xobeh
 38988 | Snake:3  | Received a gift from Nemelex Xobeh
 38988 | Snake:3  | Found Daexol's Antique Armour Boutique.
 39320 | Snake:3  | Reached skill level 5 in Translocations
 39667 | Snake:3  | Reached XP level 17. HP: 125/170 MP: 20/20
 39970 | Snake:3  | Received a gift from Nemelex Xobeh
 41432 | Snake:4  | Entered Level 4 of the Snake Pit
 41830 | Snake:4  | Received a gift from Nemelex Xobeh
 42210 | Snake:4  | Reached skill level 10 in Maces & Flails
 42894 | Snake:4  | Learned a level 1 spell: Apportation
 42898 | Snake:4  | Learned a level 3 spell: Lesser Beckoning
 43081 | Snake:4  | Received a gift from Nemelex Xobeh
 43531 | Snake:4  | Reached skill level 12 in Fighting
 43798 | Snake:4  | Reached skill level 10 in Slings
 44267 | Snake:4  | Got a serpentine rune of Zot
 44902 | Swamp:1  | Entered Level 1 of the Swamp
 45965 | Swamp:1  | Reached XP level 18. HP: 175/182 MP: 21/21
 47178 | Swamp:1  | Received a gift from Nemelex Xobeh
 48140 | Swamp:2  | Received a gift from Nemelex Xobeh
 48175 | Swamp:2  | Identified the +4 short sword of the Thieving Puffin
                  | {vorpal, SInv}
 48867 | Swamp:3  | Noticed Bai Suzhen
 49241 | Swamp:3  | Identified the +6 hand axe of the Fulmar {venom, Int+2}
 50261 | Swamp:3  | Killed Bai Suzhen
 50311 | Swamp:3  | Received a gift from Nemelex Xobeh
 50381 | Swamp:3  | Noticed Roxanne
 50411 | Swamp:3  | Killed Roxanne
 51094 | Swamp:4  | Entered Level 4 of the Swamp
 51095 | Swamp:4  | Received a gift from Nemelex Xobeh
 52030 | Swamp:4  | Paralysed by a hornet for 2 turns
 53044 | Swamp:4  | Received a gift from Nemelex Xobeh
 53230 | Swamp:4  | Reached skill level 13 in Fighting
 53779 | Swamp:4  | Paralysed by a fenstrider witch for 7 turns
 53974 | Swamp:4  | Got a decaying rune of Zot
 54225 | Elf:1    | Entered Level 1 of the Elven Halls
 54232 | Elf:1    | Reached XP level 19. HP: 193/193 MP: 22/22
 54282 | Elf:1    | Reached skill level 1 in Throwing
 54549 | Elf:1    | Identified the +10 long sword of Deihuutt {flame, Stlth+}
 54563 | Elf:1    | Noticed deadleaves's ghost (adept PaAK)
 54564 | Elf:1    | Found a runed translucent door.
 55189 | Elf:1    | Found a shimmering blue altar of Sif Muna.
 55446 | Elf:1    | Found Gokaafeb's Antique Armour Shoppe.
 55446 | Elf:1    | Received a gift from Nemelex Xobeh
 55514 | Elf:1    | Cast into level 2 of the Abyss (a deep elf demonologist)
 56033 | Abyss:2  | Received a gift from Nemelex Xobeh
 56059 | Elf:1    | Escaped the Abyss
 56391 | Elf:1    | Found a runed translucent gate.
 56391 | Elf:1    | Found a runed translucent gate.
 56391 | Elf:1    | Found a runed translucent gate.
 56391 | Elf:1    | Found a runed translucent gate.
 56391 | Elf:1    | Found a runed translucent gate.
 56392 | Elf:1    | Found a runed translucent gate.
 57340 | Elf:2    | Reached skill level 5 in Throwing
 57670 | Elf:2    | Found an ancient bone altar of Kikubaaqudgha.
 58360 | Elf:1    | Found a radiant altar of Vehumet.
 58611 | Elf:2    | Found a runed translucent gate.
 58611 | Elf:2    | Found a runed translucent gate.
 58611 | Elf:2    | Found a runed translucent gate.
 58989 | Elf:3    | Entered Level 3 of the Elven Halls
 58989 | Elf:3    | Received a gift from Nemelex Xobeh
 59355 | Elf:3    | Found Kuamog's Assorted Antiques.
 59369 | Elf:3    | Bought a copper wand for 100 gold pieces
 59484 | Elf:3    | Cast into level 3 of the Abyss (a deep elf sorcerer)
 59610 | Abyss:3  | Gained mutation: Your magical capacity is low. (-10% MP) [a
                  | neqoxec]
 59638 | Abyss:3  | Reached skill level 14 in Fighting
 59882 | Abyss:3  | Identified the +5 executioner's axe "Duneat" {pain, rN+
                  | Int+4}
 59895 | Elf:3    | Escaped the Abyss
 60271 | Elf:3    | Reached XP level 20. HP: 190/206 MP: 23/23
 60433 | Elf:3    | Identified the +7 quarterstaff of Figiel {vamp, Int+7
                  | Dex+7}
 60600 | Elf:3    | Identified the +4 rapier of Bloodstone {flame, rPois rC-
                  | rCorr Dex+6}
 60831 | Elf:3    | Identified the amulet "Quwetas" {Acrobat rCorr SInv}
 60880 | Elf:3    | Reached skill level 10 in Invocations
 61284 | Elf:3    | Identified the Papyrus of Poisoning and Curses
 61417 | Elf:3    | Identified the Disquisition on Sinister Arts and Attacks
 61607 | Elf:3    | Found Kiosimia's General Store.
 61613 | Elf:3    | Bought the +8 mithril axe "Arga" {speed, Will+} for 1162
                  | gold pieces
 61613 | Elf:3    | Bought a scroll of teleportation for 54 gold pieces
 61613 | Elf:3    | Found the +8 mithril axe "Arga" {speed, Will+}
 61620 | Elf:3    | Received a gift from Nemelex Xobeh
 61699 | Elf:3    | Cast into level 3 of the Abyss (+1 scimitar of distortion)
 61929 | Abyss:3  | Reached skill level 1 in Axes
 62064 | Elf:3    | Escaped the Abyss
 62280 | Elf:3    | Found Xeilol Peink's Assorted Antiques.
 62300 | Elf:3    | Bought a scroll of blinking for 277 gold pieces
 62300 | Elf:3    | Bought a potion of ambrosia for 296 gold pieces
 62840 | Elf:3    | Cast into level 3 of the Abyss (+1 scimitar of distortion)
 62927 | Abyss:3  | Found a corrupted altar of Lugonu.
 63133 | Abyss:3  | Received a gift from Nemelex Xobeh
 63194 | Abyss:3  | Noticed a bone dragon
 63234 | Abyss:3  | Killed a bone dragon
 63427 | Elf:3    | Escaped the Abyss
 63871 | Orc:2    | Bought the ring of Yduwi {Int+4 Dex+6} for 960 gold pieces
 64040 | Vaults:1 | Entered Level 1 of the Vaults
 64082 | Vaults:1 | Reached skill level 5 in Axes
 64828 | Vaults:1 | Found Usewuow's Distillery.
 64860 | Vaults:1 | Bought a potion of haste for 180 gold pieces
 64860 | Vaults:1 | Bought a potion of heal wounds for 90 gold pieces
 64860 | Vaults:1 | Bought a potion of curing for 54 gold pieces
 64860 | Vaults:1 | Bought a potion of curing for 54 gold pieces
 64860 | Vaults:1 | Bought a potion of haste for 180 gold pieces
 64860 | Vaults:1 | Bought a potion of might for 72 gold pieces
 64860 | Vaults:1 | Bought a potion of curing for 54 gold pieces
 64860 | Vaults:1 | Bought a potion of cancellation for 144 gold pieces
 64914 | Vaults:1 | Reached skill level 15 in Fighting
 65103 | Vaults:1 | Found Xeahuu Zopra's General Store.
 65203 | Vaults:1 | Acquired 1139 gold pieces
 65312 | Vaults:1 | Killed from afar by a war gargoyle

Illustrated notes

Levels and vault maps discovered:
D:1:      onia_arrival_mini_maze, layout_loops_corners, serial_shops, shop,
          ebering_ecumenical_altar_petrified, roderic_filled_cross
D:2:      layout_basic, basic_altar, ebering_dispersal_statue_hall
D:3:      layout_loops_ring, kennysheep_another_room, uniq_ijyb
D:4:      layout_rooms, okawaru_gym_becter, corexii_hall_statues_x,
          kennysheep_diamond, minmay_strange_pillars, st_stairs_9
D:5:      layout_basic, beargit_hepliaklqana_dungeon_heroes, minivault_26,
          kennysheep_generic_room_13, uniq_eustachio
D:6:      layout_basic, grunt_gozag_breadcrumbs
D:7:      layout_loops_ring, kennysheep_little_box, fedhas_altar_3,
          kiku_gazebo_pond_becter, temple_pool_b,
          gammafunk_ghost_abyssal_escape, nicolae_lava_and_water, uniq_harold
D:8:      layout_loops_cross, xom_redecorated
D:9:      layout_irregular_city, lightli_temple_of_fire, david_lair_generic,
          orc_david_3
D:10:     minmay_polygon_palace, layout_loops_ring, trog_ov_bears_minmay
D:11:     layout_cave_pools
D:12:     layout_roguey, uniq_sonja
D:13:     layout_loops_cross, erik_vaults_1, serial_shops, shop, uniq_kirke
D:14:     gammafunk_beogh_shrine, layout_basic, chequers_serial_rivers_small_a,
          grunt_ministairs_5
D:15:     gammafunk_depths_entry_grave, layout_loops_ring,
          chequers_serial_rivers_small_3, nicolae_looking_at_the_future,
          uniq_josephine
Lair:1:   layout_chaotic_city, grunt_megastairs_4
Lair:2:   layout_hall_layers, nicolae_swamp_entry_splash_gauntlet
Lair:3:   minmay_guarded_unrand_snakebite, layout_regular_city,
          serial_bayou_shore_a, grunt_megastairs_1, lemuel_fruit_tree,
          infiniplex_staircase_pool_2, serial_bayou_shore_b
Lair:4:   layout_misc_corridors, guppyfry_snake_entry_garden,
          grunt_forest_stairs_basic, kennysheep_snail_temple,
          serial_bayou_shore_b
Lair:5:   layout_regular_city, slime_altar_1, pond
Lair:6:   evilmike_catoblepas_cave, layout_small_grid,
          nzn_masters_of_martial_movement
Swamp:1:  layout_basic_swamp, nicolae_swamp_tree_designs
Swamp:2:  layout_basic_swamp, serial_swamp_ruin, evilmike_swamp_ruin_rubble_1,
          evilmike_swamp_ruin_house_3
Swamp:3:  layout_falls_marsh, evilmike_swamp_ruin_wall,
          statue_in_the_mist_lemuel, swamp_pool2, uniq_bai_suzhen, uniq_roxanne
Swamp:4:  swamp_alternative, layout_basic_swamp, swamp_pool5,
          cheibrodos_swamp_witchery, infiniplex_staircase_pool
Snake:1:  layout_misc_corridors, gammafunk_ghost_necromancy, uniq_agnes,
          uniq_jorgrun
Snake:2:  layout_onion, ebering_ghost_rock_garden
Snake:3:  layout_onion_interference, serial_shops, shop_fountains
Snake:4:  snake_pit, layout_onion_interference
Orc:1:    layout_caves, uniq_fannar
Orc:2:    pubby_orc_utopia, uniq_azrael, uniq_donald, uniq_urug
Elf:1:    eino_elf_arrival_sip, layout_rooms, serial_shops,
          nicolae_shop_behind_doors, ebering_ghost_inner_flame, basic_altar,
          orc_legates, lemuel_upstairs_altar
Elf:2:    layout_onion_city, basic_altar, nicolae_elf_stone_circles
Elf:3:    grunt_elf_hall_diamonds, layout_geoelf_grid, serial_shops, shop, shop,
          shop
Vaults:1: hangedman_vaults_nodes, vaults_room_semicircle,
          dpeg_vaults_monster_row, grunt_vaults_hallway_short,
          nicolae_vaults_little_squares_1, nicolae_vaults_yaktaur_gun_rack,
          hangedman_vaults_capsules, layout_vaults_omnicross, serial_shops,
          shop, nicolae_shop_statue_plus, uniq_nikola

Skill      XL: |  1  2  3  4  5  6  7  8  9 10 11 12 13 14 15 16 17 18 19 20 |
---------------+-------------------------------------------------------------+-----
Unarmed Combat | 1 3 4 5 6 7 9 11 12 13 | 13.9
Fighting       | 1 2 3 4 5 6 7 8 9 10 11 12 13 14 15 | 15.0
Invocations    | 2 3 5 6 9 11 | 11.1
Shields        | 3 5 6 7 9 |  9.0
Evocations     | 1 3 4 6 7 8 |  8.9
Dodging        | 2 4 6 7 8 9 |  9.6
Slings         | 3 4 5 6 8 10 11 | 11.2
Maces & Flails | 2 5 6 8 9 10 12 | 12.0
Translocations | 3 5 6 7 |  7.0
Throwing       | 6 7 |  7.9
Axes           | 6 |  6.1
Stealth        | |  1.0
Spellcasting   | |  2.2
Conjurations   | |  0.6
Summonings     | |  0.6

Action                   |  1- 3 |  4- 6 |  7- 9 | 10-12 | 13-15 | 16-18 | 19-21 || total
-------------------------+-------+-------+-------+-------+-------+-------+-------++-------
Melee: Unarmed           |   117 |   124 |   230 |   552 |   258 |    15 |   197 ||  1493
       Dagger            |     7 |       |       |       |       |       |       ||     7
       Punch             |       |     1 |     9 |       |       |       |       ||    10
       War axe           |       |       |       |    11 |     7 |       |       ||    18
       Whip              |       |       |       |       |  1086 |  1963 |   437 ||  3486
       Broad axe         |       |       |       |       |       |       |   476 ||   476
       Long sword        |       |       |       |       |       |       |     2 ||     2
       Staff             |       |       |       |       |       |       |     3 ||     3
 Fire: Hunting sling     |       |       |       |    26 |   363 |   781 |   468 ||  1638
Throw: Boomerang         |       |       |       |     5 |       |    31 |    36 ||    72
       Throwing net      |       |       |       |     1 |       |       |     1 ||     2
       Dart              |       |       |       |     1 |       |       |       ||     1
       Javelin           |       |       |       |       |       |       |     8 ||     8
 Cast: Magic Dart        |       |       |       |     1 |     2 |     8 |       ||    11
       Blink             |       |       |       |       |       |    22 |     2 ||    24
Invok: Draw Destruction  |       |     5 |     7 |    25 |    76 |    41 |    36 ||   190
       Draw Escape       |       |       |       |     1 |     4 |     2 |     1 ||     8
       Draw Summoning    |       |       |       |       |     8 |     9 |    10 ||    27
       Stack Five        |       |       |       |       |       |       |     1 ||     1
Evoke: Wand              |       |       |     5 |     9 |     3 |    62 |    25 ||   104
       Tin of tremorston |       |       |       |       |     2 |     6 |     4 ||    12
       Lightning rod     |       |       |       |       |       |       |     4 ||     4
  Use: Scroll            |     7 |       |     5 |    13 |    15 |    14 |     6 ||    60
       Potion            |       |       |       |       |       |     4 |    15 ||    19
 Stab: Sleeping          |     4 |     2 |     1 |     1 |       |       |       ||     8
       Petrified         |       |       |       |       |       |     3 |     8 ||    11
       Distracted        |       |       |       |       |       |     3 |     3 ||     6
Armor: Robe              |    33 |    40 |    65 |    62 |       |       |       ||   200
       Troll leather arm |       |       |       |    22 |   179 |   229 |   130 ||   560
Dodge: Dodged            |    56 |    56 |    91 |   181 |   486 |  1004 |   574 ||  2448
       Repelled          |       |       |       |       |       |    59 |    24 ||    83
Block: Kite shield       |       |       |    15 |   306 |   907 |  1521 |   584 ||  3333
       Reflection        |       |       |       |     2 |    30 |   132 |    42 ||   206
       Rpst.: Long sword |       |       |       |       |       |       |     1 ||     1

Table legend: (Time is in decaauts)
 A = Elapsed time spent in this place.
 B = Non-inter-level travel time spent in this place.
 C = Inter-level travel time spent in this place.
 D = Time resting spent in this place.
 E = Time spent auto-exploring this place.
 F = Levels seen in this place.
 G = Mean time per level.
                   A        B        C        D        E       F      G
               +--------+--------+--------+--------+--------+-----+--------+
         Total |  63964 |  61142 |   2822 |  27852 |  17661 |  39 | 1640.1 |
       Dungeon |  20553 |  19559 |    994 |   7611 |   7947 |  15 | 1370.2 |
          Lair |  12074 |  11242 |    832 |   5146 |   3402 |   6 | 2012.3 |
         Swamp |   8454 |   8194 |    260 |   4561 |   1783 |   4 | 2113.5 |
     Snake Pit |   9828 |   9544 |    284 |   4782 |   2275 |   4 | 2457.0 |
  Orcish Mines |   3380 |   3092 |    288 |    979 |   1046 |   2 | 1690.0 |
   Elven Halls |   7427 |   7266 |    161 |   4135 |   1055 |   3 | 2475.7 |
        Vaults |    553 |    553 |      0 |    187 |    152 |   1 |  553.0 |
         Abyss |   1693 |   1693 |      0 |    450 |      0 |   4 |  423.2 |
               +--------+--------+--------+--------+--------+-----+--------+

Top non-repeatable levels by time:
   Orc:2: 2973 daAuts
  Lair:3: 2872 daAuts
 Snake:4: 2866 daAuts
  Lair:5: 2809 daAuts
 Swamp:3: 2758 daAuts
     D:7: 2662 daAuts
   Elf:2: 2527 daAuts
   Elf:3: 2450 daAuts
   Elf:1: 2449 daAuts
 Snake:3: 2415 daAuts
  Lair:2: 2365 daAuts
 Snake:2: 2334 daAuts
    D:13: 2291 daAuts
 Swamp:1: 2236 daAuts
 Snake:1: 2211 daAuts
